 Dungeon Sprint DCSS version 0.23.2-30-g0e89c35649 (webtiles) character file.

Game seed: 8024760314480769933

441 Kobolds4U the Thaumaturge (level 6, -1/32 HPs)
             Began as a Deep Elf Conjurer on June 18, 2019.
             Was an Initiate of Okawaru.
             Shot with an arrow by a centaur warrior (13 damage)
             ... in the Dungeon (Sprint I: "Red Sonja").
             The game lasted 00:04:10 (605 turns).

Kobolds4U the Thaumaturge (Deep Elf Conjurer)        Turns: 605, Time: 00:04:10

Health: -1/32      AC:  3    Str:  9    XL:     6   Next: 71%
Magic:  19/22      EV: 17    Int: 21    God:    Okawaru [......]
Gold:   120        SH:  0    Dex: 15    Spells: 13/27 levels left

rFire    . . .     SeeInvis .   (no weapon)
rCold    . . .     Gourm    .   (no shield)
rNeg     . . .     Faith    .   a - +0 robe
rPois    .         Spirit   .   (no helmet)
rElec    .         Reflect  .   (no cloak)
rCorr    .         Harm     .   f - +0 pair of gloves {Str+3}
MR       .....     NoTele   +   (no boots)
Stlth    ++........             (no amulet)
HPRegen  0.10/turn              (no ring)
MPRegen  0.18/turn              (no ring)

@: no status effects
A: no striking features
a: Renounce Religion


You were in the Dungeon.
You worshipped Okawaru.
Okawaru was noncommittal.
You were not hungry.

You visited 1 branch You collected 315 gold pieces.
You spent 195 gold pieces at shops.

Inventory:

Hand Weapons
 j - a +0 dagger
Armour
 a - a +0 robe (worn)
 f - a +0 pair of gloves of strength (worn)
Wands
 b - a wand of polymorph (2)
Scrolls
 i - a scroll of blinking
Potions
 d - a potion of curing
 e - a potion of heal wounds
 g - 2 potions of magic
 h - a potion of berserk rage
Comestibles
 c - a ration


   Skills:
 * Level 0.0 Fighting
 - Level 7.3 Dodging
 - Level 2.4 Stealth
 - Level 11.0 Spellcasting
 - Level 10.6 Conjurations
 - Level 4.6 Hexes
 + Level 3.8 Translocations
 * Level 0.0 Invocations


You had 13 spell levels left.
You knew the following spells:

 Your Spells              Type           Power        Failure   Level  Hunger
a - Magic Dart            Conj           ####         1%          1    None
b - Searing Ray           Conj           ######       1%          2    None
c - Dazzling Spray        Conj/Hex       #####.       1%          3    None
d - Force Lance           Conj/Tloc      #####...     3%          4    #......
e - Fulminant Prism       Conj/Hex       #####.....   2%          4    #......

Your spell library contained the following spells:

 Spells                   Type           Power        Failure   Level  Hunger
 Iskenderun's Mystic Bla  Conj           ######..     1%          4    #......


Dungeon Overview and Level Annotations

Branches:
Dungeon (1/1)

Altars:
Cheibriados
Dithmenos
Elyvilon
Fedhas
Gozag
Hepliaklqana
Kikubaaqudgha
Nemelex Xobeh
Okawaru
Qazlal
Ru
Sif Muna
Trog
Uskayaw
Vehumet
Wu Jian
Yredelemnul
Zin
The Shining One

Shops:
D [


Message History

Ouch! That really hurt!
There is an open door, spattered with blood here.
You see here an arrow.
Casting: Fulminant Prism (safe; 2% risk of failure)
Confirm with . or Enter, or press ? or * to list all spells.
Aiming: Searing Ray (safe; 1% risk of failure)
Press: ? - help, Shift-Dir - straight line, f - centaur warrior
Aim: a centaur warrior, wielding a +0 shortbow (moderately wounded)
Okay, then.
Casting: Searing Ray (safe; 1% risk of failure)
Confirm with . or Enter, or press ? or * to list all spells.
Okay, then.
Casting: Searing Ray (safe; 1% risk of failure)
Confirm with . or Enter, or press ? or * to list all spells.
Aiming: Dazzling Spray (safe; 1% risk of failure)
Press: ? - help, Shift-Dir - straight line, f - centaur warrior
Aim: a centaur warrior, wielding a +0 shortbow (moderately wounded)
The spray of energy misses the centaur warrior.
The centaur warrior shoots an arrow.
The arrow hits you!
You die...

################
#<.#..)..#..'..#
#..[..#..)..#..+
#..#####'#####@# ##
#..####..#...#(####§$#
#..#__####..##c#≈≈≈§c
#..#_____##'#_.'≈§§§
#⌠⌠#_.∩...'..._#≈≈§cc
####_..__##_.#'##+###
#_____###'#(# #######
#.###


You could see a centaur warrior.

Vanquished Creatures
  Sigmund (D)
  A yak (D)
  An ogre (D)
  A jelly (D)
  Ijyb (D)
5 creatures vanquished.

Vanquished Creatures (others)
  A ballistomycete (D)
  2 ballistomycete spores (D)
  A fulminant prism (D)
4 creatures vanquished.

Grand Total: 9 creatures vanquished

Notes
Turn   | Place    | Note
-------+----------+-------------------------------------------
     0 | D        | Kobolds4U the Deep Elf Conjurer began the quest for the
                  | Orb.
     0 | D        | Reached XP level 1. HP: 10/10 MP: 6/6
     1 | D        | Noticed Ijyb
    25 | D        | Killed Ijyb
    25 | D        | Reached XP level 2. HP: 15/15 MP: 2/8
    81 | D        | Learned a level 2 spell: Searing Ray
    82 | D        | Noticed an ogre
    88 | D        | Killed an ogre
    88 | D        | Reached skill level 6 in Spellcasting
    88 | D        | Reached XP level 3. HP: 19/19 MP: 3/12
    88 | D        | Reached XP level 4. HP: 24/24 MP: 3/14
   197 | D        | Noticed Sigmund
   203 | D        | Killed Sigmund
   203 | D        | Reached skill level 8 in Spellcasting
   203 | D        | Reached skill level 10 in Conjurations
   203 | D        | Reached XP level 5. HP: 15/28 MP: 10/18
   208 | D        | Learned a level 3 spell: Dazzling Spray
   213 | D        | Learned a level 4 spell: Force Lance
   345 | D        | Found an ornate altar of the Wu Jian Council.
   345 | D        | Found a deep blue altar of Sif Muna.
   349 | D        | Reached skill level 9 in Spellcasting
   349 | D        | Reached skill level 1 in Hexes
   349 | D        | Reached skill level 1 in Translocations
   349 | D        | Reached XP level 6. HP: 32/32 MP: 16/20
   350 | D        | Found a radiant altar of Vehumet.
   373 | D        | Found Imotheta's Antique Armour Emporium.
   373 | D        | Found an ancient bone altar of Kikubaaqudgha.
   373 | D        | Found a hazy altar of Hepliaklqana.
   373 | D        | Found a stormy altar of Qazlal.
   373 | D        | Found a hide-covered altar of Uskayaw.
   373 | D        | Found a blossoming altar of Fedhas.
   373 | D        | Found a bloodstained altar of Trog.
   373 | D        | Found an iron altar of Okawaru.
   373 | D        | Found a basalt altar of Yredelemnul.
   373 | D        | Found a glowing golden altar of the Shining One.
   373 | D        | Found a snail-covered altar of Cheibriados.
   373 | D        | Found a sacrificial altar of Ru.
   373 | D        | Found a glowing silver altar of Zin.
   373 | D        | Found a shadowy altar of Dithmenos.
   373 | D        | Found a white marble altar of Elyvilon.
   373 | D        | Noticed a yak
   380 | D        | Killed a yak
   380 | D        | Reached skill level 11 in Spellcasting
   381 | D        | Found an opulent altar of Gozag.
   382 | D        | Found a sparkling altar of Nemelex Xobeh.
   386 | D        | Bought a pair of embroidered gloves for 195 gold pieces
   465 | D        | Became a worshipper of Warmaster Okawaru
   484 | D        | Learned a level 4 spell: Fulminant Prism
   487 | D        | Noticed a centaur warrior
   488 | D        | Noticed a centaur warrior
   605 | D        | Shot with an arrow by a centaur warrior

Skill      XL: |  1  2  3  4  5  6 |
---------------+-------------------+-----
Dodging        | 7 |  7.3
Spellcasting   | 6 8 9 11 | 11.0
Conjurations   | 7 10 | 10.6
Hexes          | 1 4 |  4.6
Translocations | 1 3 |  3.8
Stealth        | |  2.4

Action                   |  1- 3 |  4- 6 || total
-------------------------+-------+-------++-------
Melee: Unarmed           |    18 |       ||    18
 Cast: Magic Dart        |     7 |     4 ||    11
       Searing Ray       |     1 |     3 ||     4
       Fulminant Prism   |       |     1 ||     1
       Dazzling Spray    |       |     1 ||     1
  Use: Potion            |     1 |       ||     1
Armor: Skin              |     7 |       ||     7
Dodge: Dodged            |     2 |     4 ||     6
